 Dungeon Crawl Stone Soup version 0.22.1-2-g9c5b331383 (webtiles) character file.

3639 Peloso the Carver (level 9, -22/78 HPs)
             Began as a Minotaur Fighter on Dec 19, 2018.
             Was a Priest of Okawaru.
             Annihilated by a large abomination (29 damage)
             ... on level 1 of the Abyss on Dec 20, 2018.
             The game lasted 00:16:12 (6722 turns).

Peloso the Carver (Minotaur Fighter)                Turns: 6722, Time: 00:16:12

Health: -22/78     AC: 13    Str: 28    XL:     9   Next: 87%
Magic:  8/8        EV:  9    Int:  5    God:    Okawaru [***...]
Gold:   377        SH: 14    Dex: 11    Spells: 8/8 levels left

rFire    . . .     SeeInvis .   a - +3 falchion
rCold    . . .     Gourm    .   l - +2 shield
rNeg     . . .     Faith    .   p - +0 chain mail
rPois    .         Spirit   .   (helmet restricted)
rElec    .         Reflect  .   B - +0 cloak
rCorr    .         Harm     .   (no gloves)
MR       .....                  C - +0 pair of boots
Stlth    ..........             v - amulet of magic regeneration
HPRegen  0.23/turn              (no ring)
MPRegen  0.36/turn              (no ring)

@: mighty
A: retaliatory headbutt, horns 2
a: Heroism, Renounce Religion


You were on level 1 of the Abyss.
You worshipped Okawaru.
Okawaru was most pleased with you.
You were very hungry.

You visited 1 branch of the dungeon, and saw 7 of its levels.
You visited the Abyss 1 time.
You also visited: Sewer.

You collected 377 gold pieces.

Inventory:

Hand Weapons
 a - a +3 falchion (weapon)
Armour
 b - a +0 scale mail
 c - a +2 shield
 l - a +2 shield (worn)
 p - a +0 chain mail (worn)
 B - a +0 cloak (worn)
 C - a +0 pair of boots (worn)
Jewellery
 v - an amulet of magic regeneration (around neck)
Wands
 y - a wand of polymorph (14)
 A - a wand of flame (23)
Scrolls
 e - 2 scrolls of teleportation
 h - 2 scrolls of magic mapping
 k - a scroll of noise
 n - 4 scrolls of identify
 s - 2 scrolls of fog {unknown}
 t - 2 scrolls of fear {unknown}
 u - 2 scrolls of enchant weapon {unknown}
 w - 5 scrolls of remove curse {unknown}
 x - 2 scrolls of blinking {unknown}
 z - a scroll of amnesia {unknown}
Potions
 d - a potion of might
 g - 2 potions of flight
 i - a potion of ambrosia
 j - a potion of heal wounds
 m - a potion of brilliance
 o - 4 potions of curing
 q - a potion of agility
 r - a potion of haste
 D - a potion of mutation {unknown}
Comestibles
 f - 17 rations


   Skills:
 + Level 6.9 Fighting
 + Level 10.5 Long Blades
 + Level 8.6 Armour
 + Level 2.8 Dodging
 + Level 1.1 Stealth
 + Level 9.3 Shields


You had 8 spell levels left.
You didn't know any spells.
Your spell library was empty.

Dungeon Overview and Level Annotations

Branches:
Dungeon (7/15)             Temple (0/1) D:5

Altars:
Kikubaaqudgha
Okawaru
Ru
The Shining One

Annotations:
D:5 1 runed door, Adamkad1's ghost, novice SpEn


Innate Abilities, Weirdness & Mutations

You reflexively headbutt those who attack you in melee.
You have a pair of horns on your head.


Message History

The stone giant skeleton hits you but does no damage.
You slash the stone giant skeleton!
The stone giant skeleton is almost destroyed.
You slash the stone giant skeleton!
You destroy the stone giant skeleton!
Okawaru is honoured by your kill.
You block the large abomination's attack.
You hit the large abomination. You headbutt the large abomination.
The large abomination is lightly damaged.
The large abomination hits you.
* * * LOW HITPOINT WARNING * * *
You slice the large abomination!!
The large abomination is heavily damaged.
You block the large abomination's attack.
You slash the large abomination!
The large abomination is severely damaged.
Your shield and chain mail prevent you from hitting the large abomination.
The large abomination is severely damaged.
The large abomination hits you!!
You die...

# # .#### # .###
##.. # ##.. ..#### #
#...#..##. # ## .. .
.#..#.## . #.## #
.#. .....##.####....
.#.###..##...#.....#
. ..##. .#.. #....#
## . ##.. ..##..@##
.# ## . .# ##..#X..#
# .#...#..#
#......## . ###..
#.#.#...##.. #.
..#...###.##. .#. .
.#.#.##.#)#... .. #
# .# . .#. ###.#.#
... ...... # ..#. ..
. .#


You could see a large abomination.

Vanquished Creatures
  A stone giant skeleton (Abyss:1)
  A large abomination (Abyss:1)
  2 ice beasts (D:6)
  A sky beast (D:6)
  2 orc warriors
  2 ogres
  Blork the orc (D:6)
  8 big kobolds (Sewer)
  3 bullfrogs
  A scorpion (D:4)
  A water moccasin skeleton (D:5)
  12 wights
  2 jellies
  A bullfrog zombie (D:5)
  A crimson imp (D:5)
  A hound (D:6)
  3 orc priests
  5 orc wizards
  Crazy Yiuf (D:5)
  2 bullfrog skeletons (D:6)
  2 iguanas
  2 worker ants
  2 hound skeletons
  4 gnolls (D:5)
  5 adders
  A river rat (Sewer)
  4 shadow imps
  6 oozes
  An adder zombie (D:5)
  5 worms
  A dart slug (D:1)
  4 leopard geckos
  19 orcs
  19 giant cockroaches
  9 goblins
  6 hobgoblins
  15 jackals
  17 kobolds
  2 quokkas
  3 ball pythons
  6 bats
  3 frilled lizards
  A goblin skeleton (D:5)
  3 goblin zombies (D:5)
  A hobgoblin zombie (D:5)
  2 kobold skeletons (D:5)
  An orc skeleton (D:5)
  3 orc zombies (D:5)
  14 rats
212 creatures vanquished.

Vanquished Creatures (others)
  A starspawn tentacle (Abyss:1)
1 creature vanquished.

Grand Total: 213 creatures vanquished

Notes
Turn   | Place    | Note
-------+----------+-------------------------------------------
     0 | D:1      | Peloso the Minotaur Fighter began the quest for the Orb.
     0 | D:1      | Reached XP level 1. HP: 19/19 MP: 0/0
   120 | D:1      | Reached XP level 2. HP: 26/27 MP: 1/1
   400 | D:1      | Reached XP level 3. HP: 33/33 MP: 2/2
   788 | D:2      | Reached skill level 3 in Long Blades
  1175 | D:2      | Reached XP level 4. HP: 36/40 MP: 3/3
  1301 | D:2      | Found a sacrificial altar of Ru.
  1813 | D:3      | Found an ancient bone altar of Kikubaaqudgha.
  1878 | D:3      | Found a glowing drain.
  1897 | Sewer    | Entered a sewer
  1924 | Sewer    | Reached skill level 4 in Long Blades
  1936 | Sewer    | Noticed a big kobold
  1942 | Sewer    | Killed a big kobold
  1942 | Sewer    | Reached skill level 1 in Dodging
  1942 | Sewer    | Reached XP level 5. HP: 43/47 MP: 4/4
  2002 | Sewer    | Reached skill level 5 in Armour
  2002 | Sewer    | Reached XP level 6. HP: 49/53 MP: 5/5
  2031 | Sewer    | Reached skill level 5 in Long Blades
  2031 | Sewer    | Reached skill level 5 in Shields
  2463 | Sewer    | Reached skill level 5 in Fighting
  2463 | Sewer    | Reached XP level 7. HP: 56/61 MP: 6/6
  2473 | Sewer    | Reached skill level 6 in Long Blades
  3596 | D:4      | Found an iron altar of Okawaru.
  3626 | D:4      | Became a worshipper of Warmaster Okawaru
  3822 | D:5      | Entered Level 5 of the Dungeon
  3921 | D:5      | Found a glowing golden altar of the Shining One.
  4017 | D:5      | Reached skill level 7 in Long Blades
  4170 | D:5      | Reached XP level 8. HP: 64/68 MP: 7/7
  4232 | D:5      | Found a runed door.
  4511 | D:5      | Noticed Adamkad1's ghost (novice SpEn)
  4540 | D:5      | Found a runed door.
  4544 | D:5      | Noticed Crazy Yiuf
  4550 | D:5      | Killed Crazy Yiuf
  4550 | D:5      | Reached * piety under Okawaru
  4780 | D:5      | Found a staircase to the Ecumenical Temple.
  4986 | D:6      | Noticed Blork the orc
  5086 | D:6      | Killed Blork the orc
  5112 | D:6      | Reached skill level 8 in Long Blades
  5592 | D:6      | Reached ** piety under Okawaru
  5615 | D:6      | Reached XP level 9. HP: 75/75 MP: 8/8
  5748 | D:6      | Reached skill level 9 in Long Blades
  6475 | D:7      | Cast into level 1 of the Abyss (orc wizard)
  6475 | Abyss:1  | Found a corrupted altar of Lugonu.
  6554 | Abyss:1  | Noticed a large abomination
  6565 | Abyss:1  | Noticed a tentacled starspawn
  6578 | Abyss:1  | Noticed a smoke demon
  6584 | Abyss:1  | Noticed a tentacled starspawn
  6669 | Abyss:1  | Noticed a large abomination
  6678 | Abyss:1  | Killed a large abomination
  6678 | Abyss:1  | Reached *** piety under Okawaru
  6678 | Abyss:1  | Reached skill level 10 in Long Blades
  6678 | Abyss:1  | Reached skill level 1 in Stealth
  6722 | Abyss:1  | Annihilated by a large abomination

Skill      XL: |  1  2  3  4  5  6  7  8  9 |
---------------+----------------------------+-----
Fighting       | 4 5 6 |  6.9
Armour         | 4 5 6 7 8 |  8.6
Long Blades    | 3 4 5 7 8 10 | 10.5
Shields        | 4 5 6 7 9 |  9.3
Dodging        | 1 2 |  2.8
Stealth        | 1 |  1.1

Action                   |  1- 3 |  4- 6 |  7- 9 || total
-------------------------+-------+-------+-------++-------
Melee: Long sword        |    98 |   205 |   248 ||   551
       Headbutt          |    10 |    30 |    96 ||   136
       Falchion          |       |       |   203 ||   203
  Use: Scroll            |       |     2 |    12 ||    14
       Potion            |       |       |     2 ||     2
  Eat: Chunk             |       |     5 |    14 ||    19
Armor: Scale mail        |    61 |       |       ||    61
       Chain mail        |       |   129 |   157 ||   286
Dodge: Dodged            |    28 |    49 |    99 ||   176
Block: Shield            |    60 |   109 |   263 ||   432
       Rpst.: Long sword |    10 |    11 |    20 ||    41
       Falchion          |       |       |    11 ||    11
